 Dungeon Crawl Stone Soup version 0.13-a0-2716-gc56f784 (webtiles) character file.

696 Duskembrace the Shield-Bearer (level 6, -3/53 HPs)
             Began as a Minotaur Fighter on Aug 18, 2013.
             Slain by an ice beast (16 damage)
             ... on Level 5 of the Dungeon.
             The game lasted 00:14:12 (2248 turns).

Duskembrace the Shield-Bearer (Minotaur Fighter)    Turns: 2248, Time: 00:14:12

HP  -3/53        AC  8     Str 21      XL: 6   Next: 89%
MP   2/2         EV  7     Int  5      God:
Gold 209         SH 20     Dex 11      Spells:  0 memorised,  5 levels left

Res.Fire  : + . .   See Invis. : .   a - +0 hand axe {=f}
Res.Cold  : x . .   Warding    : .   b - +0 scale mail
Life Prot.: . . .   Conserve   : .   c - +0 shield
Res.Poison: .       Res.Corr.  : .   (helmet restricted)
Res.Elec. : .       Clarity    : .   h - +0 cloak
Sust.Abil.: . .     Spirit.Shd : .   (no gloves)
Res.Mut.  : .       Stasis     : .   (no boots)
Res.Rott. : .       Flight     : .   (no amulet)
Saprovore : . . .                    (no ring)
                                     A - ring of fire

@: slightly resistant to hostile enchantments, extremely unstealthy
A: retaliatory headbutt, horns 2
a: no special abilities


You were on level 5 of the Dungeon.
You were not hungry.

You visited 1 branch of the dungeon, and saw 5 of its levels.

You collected 189 gold pieces.

Inventory:

Hand weapons
 a - a +0,+0 hand axe (weapon) {=f}
 o - a +1,+1 dwarven hand axe
 y - a +0,+0 war axe
Missiles
 e - 15 darts of flame
 r - 6 darts
 v - 7 steel javelins (quivered)
Armour
 b - a +0 scale mail (worn)
 c - a +0 shield (worn)
 h - a +0 cloak (worn)
Magical devices
 B - a wand of digging (8) {unknown}
Comestibles
 d - 6 bread rations
 z - a snozzcumber
 D - a meat ration
Scrolls
 g - a scroll of teleportation {unknown}
 i - a scroll of random uselessness {unknown}
 j - 3 scrolls of remove curse {unknown}
 k - 3 scrolls of identify {unknown}
 n - 4 scrolls of fear {unknown}
 p - a scroll of magic mapping {unknown}
 t - a scroll of curse jewellery {unknown}
 u - 3 scrolls of curse weapon {unknown}
 C - a scroll of fog {unknown}
 E - a scroll of acquirement {unknown}
Jewellery
 A - a ring of fire (left hand)
Potions
 f - a potion of paralysis {unknown}
 l - a potion of curing
 m - a potion of restore abilities {unknown}
 q - 2 potions of flight {unknown}
 s - a potion of mutation {unknown}
 w - a potion of speed {unknown}
 x - a potion of brilliance {unknown}


   Skills:
 + Level 4.6 Fighting
 + Level 4.2 Axes
 + Level 5.4 Armour
 + Level 3.8 Dodging
 + Level 5.5 Shields


You had 5 spell levels left.
You didn't know any spells.

Dungeon Overview and Level Annotations

Branches:
Dungeon (5/27)
 Temple: D:4-7

Altars:
Elyvilon
Nemelex Xobeh

Shops:
D:4: }*/[[ D:5: [


Innate Abilities, Weirdness & Mutations

You reflexively headbutt those who attack you in melee.
You have a pair of horns on your head.


Message History

Drink which item? (? for menu, Esc to quit)
You feel better. The orc closely misses you. You furiously retaliate!
You headbutt the orc.
You kill the orc!
The ice beast hits you but does no damage.
You block the orc's attack.
You barely miss the ice beast. You hit the orc.
The orc is almost dead.
You block the ice beast's attack.
You closely miss the orc.
The orc is almost dead.
You hit the ice beast.
The ice beast is lightly wounded.
The orc loudly yells encouragement to no one in particular.
The orc hits you with an orcish club.
* * * LOW HITPOINT WARNING * * *
The ice beast hits you.
* * * LOW HITPOINT WARNING * * *
The ice beast freezes you!
You feel a terrible chill!
You die...

#######################
.........................
.................o.......
...####.........@).####..
...# #...######I).# ...#
#...# #...# ...# #...#
#...# ...# #...# #...#
...# #...# #...#
...####...######....
................[....
..................


You could see an ice beast and an orc.

Vanquished Creatures
  An ogre (D:5)
  Blork the orc (D:4)
  A crimson imp (D:5)
  2 hounds (D:4)
  An orc wizard (D:5)
  2 scorpions (D:4)
  2 worker ants (D:4)
  5 adders
  4 giant geckos
  An ooze (D:1)
  2 orcs
  9 bats
  A bat skeleton (D:4)
  8 giant cockroaches
  5 goblins
  8 hobgoblins
  3 jackals (D:1)
  5 kobolds
  A quokka (D:3)
  2 giant newts
  14 rats
  A rat skeleton (D:4)
79 creatures vanquished.

Notes
Turn   | Place    | Note
--------------------------------------------------------------
     0 | D:1      | Duskembrace, the Minotaur Fighter, began the quest for the Orb.
     0 | D:1      | Reached XP level 1. HP: 19/19 MP: 0/0
   114 | D:1      | Reached XP level 2. HP: 24/26 MP: 0/0
   160 | D:1      | Reached skill level 4 in Armour
   266 | D:1      | Reached XP level 3. HP: 31/33 MP: 1/1
   582 | D:2      | Found a white marble altar of Elyvilon.
   771 | D:2      | Found a sparkling altar of Nemelex Xobeh.
  1154 | D:3      | Reached skill level 1 in Dodging
  1210 | D:3      | Reached XP level 4. HP: 38/40 MP: 1/1
  1694 | D:4      | Reached skill level 5 in Armour
  1694 | D:4      | Reached XP level 5. HP: 32/46 MP: 1/1
  1762 | D:4      | Found Oguimm's Magical Wand Boutique.
  1778 | D:4      | Found Juirocw's Armour Emporium.
  1843 | D:4      | Found Dokog's Armour Emporium.
  1992 | D:4      | Noticed Blork the orc
  2005 | D:4      | Killed Blork the orc
  2005 | D:4      | Reached skill level 5 in Shields
  2005 | D:4      | Reached XP level 6. HP: 47/53 MP: 2/2
  2045 | D:4      | Found Wainy's Gadget Boutique.
  2077 | D:4      | Found Qualas' General Store.
  2102 | D:5      | Entered Level 5 of the Dungeon
  2173 | D:5      | Found Beaxt's Antique Armour Shop.
  2248 | D:5      | Slain by an ice beast

Action                   |  1- 3 |  4- 6 || total
-------------------------+-------+-------++-------
Melee: Hand axe          |   107 |   142 ||   249
  Use: Potion            |       |     2 ||     2
